Map: [EWC] Crimson Court

Players

herO

  • Race: Protoss Protoss
  • Spawn Location: 7:00

Serral - Winner!

  • Race: Zerg Zerg
  • Spawn Location: 1:00

Event: Esports World Cup 2024

VOD

Have the link to the VOD?

Description

Time

  • Played on: Aug. 16, 2024, 1:01 p.m.
  • Length: 10:50

All games in this series

Show
View Real Time Build Order
Export as new Build Order

herO Protoss 

Build Orders: 1 Gate Expand 

Get SALT Encoding   

  12  0:00  Probe  
  13  0:12  Probe  
  14  0:17  Pylon  
  14  0:24  Probe (Chrono Boost)  
  15  0:36  Probe (Chrono Boost)  
  15  0:38  Gateway  
  16  0:44  Probe (Chrono Boost)  
  16  0:46  Assimilator  
  17  0:51  Probe  
  18  1:03  Probe  
  19  1:15  Probe  
  20  1:23  Nexus  
  20  1:34  Cybernetics Core  
  20  1:37  Probe  
  21  1:43  Assimilator  
  21  1:49  Probe  
  21  1:53  Pylon  
  22  2:01  Probe  
  23  2:09  Adept (Chrono Boost)  
  23  2:13  Probe  
  23  2:14  Stargate  
  26  2:22  Warp Gate  
  26  2:26  Probe (Chrono Boost)  
  27  2:31  Adept  
  27  2:35  Probe (Chrono Boost)  
  29  2:43  Probe (Chrono Boost)  
  31  2:45  Probe (Chrono Boost)  
  31  2:50  Probe x2 (Chrono Boost)  
  33  3:02  Void Ray (Chrono Boost)  
  33  3:04  Probe  
  33  3:05  Probe  
  39  3:07  Pylon  
  39  3:16  Assimilator, Probe (Chrono Boost)  
  39  3:19  Assimilator, Probe (Chrono Boost)  
  41  3:29  Probe (Chrono Boost)  
  41  3:33  Probe (Chrono Boost)  
  43  3:34  Probe (Chrono Boost)  
  43  3:39  Fleet Beacon  
  43  3:41  Probe  
  45  3:43  Probe  
  46  3:53  Probe  
  46  3:54  Stargate  
  46  3:55  Probe  
  48  4:05  Probe  
  48  4:06  Pylon  
  48  4:07  Probe  
  48  4:09  Pylon  
  50  4:17  Probe  
  50  4:19  Probe  
  57  4:28  Tempest (Chrono Boost), Pylon  
  57  4:31  Probe x2  
  59  4:42  Tempest (Chrono Boost)  
  64  4:56  Nexus  
  64  5:00  Tempest (Chrono Boost)  
  64  5:04  Shield Battery  
  74  5:14  Tempest (Chrono Boost)  
  74  5:18  Probe x2  
  74  5:19  Pylon  
  76  5:25  Pylon  
  76  5:30  Probe  
  76  5:31  Probe  
  78  5:40  Tempest (Chrono Boost)  
  83  5:43  Probe x2  
  83  5:45  Pylon  
  85  5:52  Tempest (Chrono Boost)  
  85  5:55  Probe x2  
  92  6:04  Assimilator, Unknown  
  92  6:07  Assimilator  
  92  6:08  Probe x2  
  92  6:10  Zealot  
  96  6:12  Probe  
  97  6:23  Void Ray (Chrono Boost)  
  97  6:25  Pylon  
  96  6:27  Probe x3  
  96  6:33  Flux Vanes  
  96  6:35  Zealot  
  96  6:38  Void Ray (Chrono Boost)  
  96  6:39  Probe x2  
  97  6:57  Probe x2  
  97  7:00  Void Ray (Chrono Boost)  
  98  7:07  Shield Battery  
  96  7:11  Nexus  
  93  7:18  Probe x2  
  99  7:26  Void Ray (Chrono Boost)  
  99  7:30  Pylon  
  99  7:32  Probe x2  
  101  7:43  Protoss Air Weapons Level 1  
  101  7:44  Probe  
  101  7:48  Probe  
  107  7:51  Pylon  
  107  7:54  Void Ray (Chrono Boost)  
  107  7:57  Pylon  
  107  7:58  Forge, Stargate  
  106  8:06  Pylon  
  106  8:09  Nexus, Probe x2  
  106  8:11  Sentry  
  110  8:13  Pylon  
  110  8:23  Void Ray (Chrono Boost)  
  114  8:29  Probe  
  114  8:30  Probe  
  114  8:31  Probe  
  114  8:32  Void Ray (Chrono Boost), Phoenix (Chrono Boost)  
  121  8:34  Shield Battery  
  121  8:35  Sentry  
  123  8:42  Probe, Photon Cannon  
  123  8:43  Probe x2  
  126  8:51  Unknown  
  126  8:54  Photon Cannon  
  126  8:59  Stalker  
  128  9:06  Void Ray (Chrono Boost)  
  132  9:16  Void Ray (Chrono Boost)  
  140  9:19  Void Ray (Chrono Boost)  
  140  9:22  Probe  
  141  9:28  Probe x2  
  141  9:31  Sentry  
  151  9:34  Probe  
  156  9:42  Void Ray (Chrono Boost)  
  156  9:43  Photon Cannon  
  156  9:45  Shield Battery  
  156  9:50  Void Ray (Chrono Boost)  
  160  9:55  Photon Cannon  
  132  10:02  Shield Battery  
  132  10:03  Void Ray (Chrono Boost)  
  132  10:05  Stalker  
  138  10:08  Probe x3  
  138  10:09  Shield Battery  
  145  10:20  Shield Battery  
Show
View Real Time Build Order
Export as new Build Order

Serral Zerg - Winner!

Build Orders: Hatch First 

Get SALT Encoding   

  12  0:00  Drone  
  13  0:12  Overlord  
  13  0:16  Drone  
  14  0:30  Drone x2  
  16  0:47  Hatchery  
  15  0:50  Drone  
  15  0:54  Drone  
  17  0:57  Drone  
  18  1:08  Extractor  
  17  1:12  Spawning Pool  
  17  1:15  Drone  
  17  1:19  Drone  
  18  1:28  Drone  
  19  1:38  Drone  
  20  1:48  Overlord  
  20  2:00  Queen x2  
  24  2:03  Zergling x4  
  24  2:08  Metabolic Boost  
  26  2:10  Drone  
  26  2:13  Drone  
  28  2:21  Drone x2  
  30  2:37  Drone  
  30  2:38  Hatchery  
  30  2:40  Drone  
  31  2:44  Overlord  
  31  2:52  Queen  
  31  2:56  Drone  
  31  2:57  Drone x2  
  36  3:05  Overlord  
  36  3:07  Queen  
  37  3:15  Drone x3  
  37  3:18  Overlord  
  40  3:22  Drone  
  40  3:23  Overlord  
  40  3:26  Drone  
  42  3:30  Queen  
  42  3:33  Drone  
  45  3:38  Drone  
  46  3:43  Drone  
  46  3:44  Drone x2  
  46  3:46  Queen  
  51  3:51  Spore Crawler, Drone  
  51  3:52  Drone  
  51  3:55  Spore Crawler  
  51  3:57  Zergling x2  
  51  4:00  Drone x2  
  54  4:04  Zergling x2  
  54  4:05  Zergling x2  
  56  4:10  Overlord  
  56  4:11  Drone x2  
  56  4:12  Drone  
  59  4:18  Zergling x2, Overlord  
  59  4:20  Drone x2  
  61  4:26  Roach Warren  
  61  4:27  Drone x2  
  62  4:32  Drone, Overlord  
  62  4:33  Unknown, Drone  
  63  4:39  Lair  
  63  4:40  Drone  
  63  4:41  Drone  
  63  4:42  Drone  
  66  4:47  Drone x3  
  66  4:49  Overlord  
  69  4:55  Zergling x4  
  69  4:57  Zergling x2, Overlord  
  69  4:58  Drone x2  
  74  5:01  Queen  
  74  5:05  Extractor  
  75  5:08  Drone  
  75  5:10  Drone  
  75  5:12  Drone  
  78  5:16  Roach x3  
  78  5:19  Overlord  
  83  5:24  Drone  
  83  5:25  Roach x6  
  96  5:31  Queen  
  98  5:38  Queen, Spire  
  98  5:40  Spore Crawler  
  98  5:46  Zergling x14  
  105  5:52  Overlord  
  103  5:57  Overlord  
  103  5:58  Extractor  
  103  5:59  Drone x5, Extractor  
  103  6:02  Glial Reconstitution  
  106  6:04  Overlord  
  106  6:10  Drone x6  
  111  6:15  Drone x3  
  111  6:19  Drone  
  111  6:23  Drone  
  108  6:25  Queen  
  108  6:29  Drone  
  108  6:31  Drone  
  110  6:34  Queen x2  
  108  6:41  Unknown  
  102  6:51  Corruptor x5  
  102  6:54  Roach x3  
  102  7:01  Queen  
  102  7:05  Hatchery  
  102  7:07  Corruptor  
  101  7:09  Queen  
  99  7:16  Corruptor  
  99  7:19  Roach x4  
  107  7:24  Corruptor  
  107  7:26  Roach  
  111  7:32  Roach x3  
  111  7:35  Corruptor  
  115  7:37  Queen  
  115  7:40  Queen  
  119  7:45  Queen  
  119  7:48  Unknown  
  119  7:49  Corruptor  
  122  7:52  Overlord  
  122  7:56  Extractor  
  122  7:57  Corruptor  
  123  7:59  Extractor  
  122  8:09  Drone x4  
  122  8:10  Drone  
  122  8:11  Zerg Flyer Weapons Level 1  
  127  8:13  Corruptor  
  127  8:15  Queen  
  127  8:16  Pneumatized Carapace  
  127  8:17  Queen  
  133  8:21  Queen  
  133  8:22  Drone  
  133  8:24  Drone  
  133  8:25  Overlord x3  
  137  8:29  Overseer  
  137  8:30  Corruptor  
  139  8:36  Zergling x8  
  139  8:40  Evolution Chamber  
  139  8:41  Corruptor  
  142  8:45  Corruptor  
  146  8:54  Hatchery  
  145  8:57  Corruptor x2  
  149  9:05  Corruptor x3  
  155  9:14  Overlord x4  
  155  9:16  Overlord  
  155  9:23  Corruptor x2  
  155  9:30  Zergling x14  
  166  9:31  Ravager x2  
  166  9:32  Ravager x2  
  166  9:33  Ravager x2  
  172  9:42  Infestation Pit  
  172  9:43  Corruptor x2  
  175  9:49  Zergling x12  
  179  9:59  Corruptor  
  174  10:00  Corruptor x2  
  174  10:03  Drone  
  181  10:09  Ravager x3  
  184  10:17  Extractor  
  184  10:18  Zergling x16  
  184  10:19  Extractor  
  187  10:27  Evolution Chamber  
  185  10:32  Zergling x20  
Tags
 
Add a new tag
Caveats
  • Supply blocks, unpowered buildings, or Contaminate may cause inaccurate times.
  • Supply counts are checked every 10 seconds.